AoeStats
← FkeVriX

Arena

510329731Analyzed
4v4 RM · 10h ago on Sep 30, 2026· 53m 48s· 8 players
Game mode
Random Map
Map size
Large (8 player)
Population
200
Speed
Normal
Resources
Standard
Victory
Conquest
Starting age
Dark Age
Ending age
Imperial Age
RankedLock teamsTeams togetherTeam positionsShared explorationLock speedFull tech treeHidden civsTurbo modeCheats
Victory
Defeat
🇨🇳 Berbers · China
1345
+14
🇨🇴 Teutons · Colombia
1328
+15
🇨🇴 Portuguese · Colombia
1328
+15
🇨🇳 Burgundians · China
1310
+17
🇲🇴 Cumans · Macao SAR China
1372
-17
🇲🇾 Celts · Malaysia
1297
-15
🇹🇼 Mongols · Taiwan
1293
-15
🇹🇼 Poles · Taiwan
1273
-14
勇敢牛牛
8:46 Feudal Age
9:22 Double-Bit Axe
9:50 Horse Collar
14:05 Wheelbarrow
17:40 Castle Age
17:02 Scale Barding Armor
17:08 Forging
17:57 Bloodlines
18:31 Bow Saw
19:44 Husbandry
20:24 Hand Cart
23:05 Town Watch
23:07 Loom
26:25 Chain Barding Armor
30:40 Imperial Age
29:27 Gold Mining
29:28 Stone Mining
30:42 Iron Casting
30:56 Fletching
31:28 Ballistics
31:19 Masonry
30:50 Treadmill Crane
32:04 Gold Shaft Mining
32:04 Stone Shaft Mining
32:24 Plate Barding Armor
31:51 Heavy Camel Rider
34:17 Chemistry
34:37 Blast Furnace
33:34 Bodkin Arrow
35:29 Conscription
35:09 Kasbah
36:28 Bracer
38:04 Siege Engineers
38:02 Padded Archer Armor
39:51 Elite Camel Archer
44:02 Caravan
Patroclo
5:26 Loom
10:09 Feudal Age
10:57 Stone Mining
10:54 Double-Bit Axe
12:12 Town Watch
12:47 Fletching
14:59 Horse Collar
20:52 Wheelbarrow
21:42 Gold Mining
25:30 Castle Age
26:57 Hand Cart
26:40 Bodkin Arrow
28:26 Masonry
28:39 Ballistics
29:06 Stone Shaft Mining
28:44 Bow Saw
29:35 Guard Tower
30:02 Fortified Wall
30:06 Heavy Plow
32:13 Forging
32:07 Squires
31:53 Gambesons
31:53 Arson
35:05 Scale Mail Armor
37:47 Chain Mail Armor
39:11 Iron Casting
39:12 Ironclad
40:19 Padded Archer Armor
41:08 Leather Archer Armor
40:20 Elite Skirmisher
43:44 Imperial Age
42:33 Town Patrol
44:14 Scale Barding Armor
45:17 Crenellations
45:18 Conscription
45:34 Hoardings
45:40 Ring Archer Armor
46:15 Chemistry
47:21 Chain Barding Armor
48:44 Siege Engineers
48:09 Elite Teutonic Knight
51:13 Blast Furnace
50:44 Plate Mail Armor
50:50 Crop Rotation
50:48 Guilds
50:39 Caravan
51:10 Coinage
51:22 Plate Barding Armor
51:02 Fervor
51:13 Sanctity
50:54 Devotion
53:36 Banking
蝴蝶
5:04 Double-Bit Axe
6:38 Horse Collar
11:36 Feudal Age
15:50 Castle Age
14:41 Bow Saw
15:03 Heavy Plow
17:17 Wheelbarrow
18:17 Hand Cart
21:18 Stone Mining
21:18 Gold Mining
22:44 Town Watch
24:13 Gold Shaft Mining
23:44 Treadmill Crane
24:15 Loom
26:45 Stone Shaft Mining
28:59 Imperial Age
27:02 Scale Barding Armor
27:08 Forging
28:38 Two-Man Saw
27:34 Cavalier
28:15 Husbandry
27:40 Light Cavalry
28:42 Chain Barding Armor
29:06 Paladin
29:07 Hussar
29:31 Hussar
30:48 Iron Casting
31:09 Conscription
32:16 Plate Barding Armor
31:59 Burgundian Vineyards
32:39 Masonry
32:40 Fortified Wall
32:26 Murder Holes
34:54 Blast Furnace
35:00 Blast Furnace
33:52 Fletching
35:45 Blast Furnace
34:46 Scale Mail Armor
34:41 Bodkin Arrow
35:22 Caravan
35:32 Guilds
35:53 Coinage
36:36 Hoardings
37:19 Town Patrol
38:02 Banking
41:21 Pikeman
42:01 Squires
41:47 Arson
47:56 Halberdier
53:03 Chain Mail Armor
52:44 Bodkin Arrow
52:49 Padded Archer Armor
FkeVriX
11:24 Feudal Age
11:56 Double-Bit Axe
12:57 Loom
16:07 Castle Age
14:18 Horse Collar
15:38 Gold Mining
17:21 Bow Saw
17:13 Heavy Plow
20:41 Wheelbarrow
25:05 Hand Cart
24:51 Fletching
30:47 Imperial Age
28:59 Bodkin Arrow
29:44 Stone Mining
29:58 Padded Archer Armor
31:04 Leather Archer Armor
31:35 Ballistics
31:09 Town Watch
31:56 Conscription
31:52 Bracer
32:42 Stone Shaft Mining
33:10 Two-Man Saw
33:18 Ring Archer Armor
33:42 Scale Mail Armor
33:54 Forging
33:11 Pikeman
34:26 Crop Rotation
35:16 Chemistry
33:54 Halberdier
35:37 Chain Mail Armor
35:57 Iron Casting
35:39 Siege Engineers
35:44 Masonry
35:41 Town Patrol
36:12 Elite Organ Gun
37:58 Bombard Tower
37:36 Crossbowman
39:18 Architecture
39:34 Treadmill Crane
40:00 Scale Barding Armor
40:28 Plate Mail Armor
40:43 Thumb Ring
40:00 Arbalester
40:52 Arquebus
40:39 Gambesons
41:19 Sappers
43:20 Caravan
43:44 Capped Ram
45:41 Scale Barding Armor
45:33 Murder Holes
45:00 Man-at-Arms
45:26 Arson
45:04 Elite Skirmisher
47:33 Circumnavigation
50:14 Onager
53:22 Guilds
Not.MbL
10:56 Feudal Age
14:48 Castle Age
12:53 Double-Bit Axe
13:29 Horse Collar
17:59 Wheelbarrow
22:35 Hand Cart
22:33 Bow Saw
23:20 Gold Mining
23:21 Stone Mining
26:00 Husbandry
27:37 Stone Shaft Mining
30:00 Imperial Age
29:34 Treadmill Crane
30:05 Fortified Wall
30:21 Bloodlines
30:49 Heavy Plow
30:12 Cavalier
31:15 Conscription
32:42 Chemistry
32:07 Szlachta Privileges
32:58 Scale Barding Armor
33:03 Forging
35:09 Chain Barding Armor
36:02 Iron Casting
36:45 Light Cavalry
37:52 Winged Hussar
39:47 Blast Furnace
41:14 Loom
41:15 Town Watch
48:05 Pikeman
HOU
9:18 Feudal Age
9:47 Horse Collar
9:53 Double-Bit Axe
17:01 Loom
21:02 Castle Age
18:58 Gold Mining
19:14 Scale Barding Armor
20:11 Forging
22:06 Bow Saw
21:57 Heavy Plow
22:21 Chain Barding Armor
23:10 Bloodlines
24:08 Wheelbarrow
23:21 Town Watch
24:46 Iron Casting
29:31 Imperial Age
27:43 Gold Shaft Mining
27:48 Hand Cart
27:25 Fletching
27:36 Pikeman
28:18 Squires
28:19 Scale Mail Armor
28:16 Stone Mining
29:29 Chain Mail Armor
29:10 Bodkin Arrow
29:35 Halberdier
30:46 Plate Mail Armor
31:17 Blast Furnace
30:40 Conscription
30:59 Cuman Mercenaries
31:22 Cavalier
33:48 Plate Barding Armor
35:07 Hoardings
34:33 Steppe Husbandry
35:09 Padded Archer Armor
35:31 Ballistics
36:11 Chemistry
35:22 Masonry
36:02 Coinage
34:57 Paladin
36:42 Leather Archer Armor
38:24 Ring Archer Armor
37:49 Elite Kipchak
44:14 Light Cavalry
49:17 Crop Rotation
50:00 Two-Man Saw
Not.Hera
10:09 Feudal Age
11:35 Double-Bit Axe
14:39 Castle Age
12:39 Horse Collar
15:51 Bow Saw
15:44 Heavy Plow
23:40 Wheelbarrow
23:07 Gold Mining
23:11 Stone Mining
28:25 Imperial Age
25:40 Loom
26:11 Hand Cart
26:55 Town Watch
27:02 Fletching
27:33 Ballistics
29:28 Gold Shaft Mining
29:11 Bloodlines
29:02 Husbandry
28:58 Bodkin Arrow
30:18 Bracer
31:30 Chemistry
31:07 Light Cavalry
31:09 Pikeman
31:49 Squires
31:35 Arson
32:15 Padded Archer Armor
32:46 Scale Mail Armor
33:22 Town Patrol
33:54 Masonry
34:26 Chain Mail Armor
34:27 Leather Archer Armor
34:22 Forging
34:36 Conscription
34:35 Elite Mangudai
35:45 Drill
37:01 Siege Engineers
36:52 Murder Holes
38:37 Plate Mail Armor
38:43 Iron Casting
39:04 Capped Ram
41:48 Herbal Medicine
44:57 Siege Ram
46:46 Blast Furnace
54:04 Hoardings
長安
10:52 Feudal Age
11:07 Loom
13:21 Fletching
15:57 Castle Age
17:14 Bodkin Arrow
25:11 Double-Bit Axe
28:53 Bow Saw
31:27 Horse Collar
31:54 Gold Mining
37:33 Imperial Age
Connection lost

Rejoining the realm…

Still unreachable

The connection could not be restored.

Session expired

The server has moved on; the page needs a fresh start.